cohdb
Replays
Latest Replays
All Replays
Popular Replays
Top Player Replays
Match Explorer
How It Works
Community
CoH3 Stats
Reddit
Sign in to upload your games and track your stats! →
Sign in with Steam
Match 27395142
Unlisted
Match 27395142
Overview
Messages
Build Orders
End
Construct Barracks
Riflemen Squad
Selects Advanced Infantry Battlegroup
Riflemen Squad
Riflemen Squad
Construct Weapon Support Center
Selects Convert to Ranger Squad
Ranger Squad
Selects Frontline Medical Station
Improved M9 Bazooka Rockets
Infantry Support Center
Frontline Medical Station
Convert to Ranger Squad
Selects Artillery Observers
M3 Armored Personnel Carrier
Convert to Ranger Squad
Death Dealer
SirJack25 (Ger)
kukuru
<<<<
IBORN
Dam
Pablito
RAFALE
0
0
Comments
sign in to comment!
No comments posted yet!